 Dungeon Crawl Stone Soup version 0.27.1-3-gb3d3a73c9e (console) character file.

Game seed: 12015218954226121192

1785 Banquo the Magician (level 9, -5/63 HPs)
             Began as a Djinni Hunter on Oct 8, 2021.
             Slain by an orc warrior (11 damage)
             ... on level 6 of the Dungeon on Oct 9, 2021.
             The game lasted 00:29:43 (10187 turns).

Banquo the Magician (Djinni Hunter)                Turns: 10187, Time: 00:29:44

Health: -5/63      AC:  3    Str: 11    XL:     9   Next: 29%
Gold:   173        EV: 12    Int: 15    God:
                   SH:  5    Dex: 15

rFire    + + .     SeeInvis .   a - +1 trident (freeze)
rCold    x . .     Faith    .   i - +0 buckler
rNeg     . . .     Spirit   .   b - +0 leather armour
rPois    ∞         Reflect  .   (no helmet)
rElec    .         Harm     .   (no cloak)
rCorr    .         Rampage  .   (no gloves)
Will     .....                  (boots unavailable)
Stlth    +.........             u - amulet of magic regeneration
HPRegen  0.20/turn              (no ring)
MPRegen  0.00/turn              (no ring)

@: flying
A: sickness immunity, fire resistance 2, cold vulnerability 1, float, innate
caster, hp casting, extra vitality 1
a: no special abilities


You were on level 6 of the Dungeon.
You visited 1 branch of the dungeon, and saw 6 of its levels.
You also visited: Sewer.

You collected 173 gold pieces.

Inventory:

Hand Weapons
 a - a +1 trident of freezing (weapon)
 f - a +0 spear
 k - a +3 dagger
 n - a +0 war axe
 o - a +0 hand crossbow
 s - a +0 long sword
 t - a +0 short sword
 G - a +0 rapier
 H - a +5 trident
Missiles
 c - 6 javelins (quivered)
 d - 3 throwing nets
 e - 4 datura-tipped darts
 h - 220 stones
 p - 22 bolts
Armour
 b - a +0 leather armour (worn)
 i - a +0 buckler (worn)
Jewellery
 u - an amulet of magic regeneration (around neck)
 w - an amulet of magic regeneration
Wands
 v - a wand of flame (6)
 E - a wand of iceblast (5)
Scrolls
 j - 4 scrolls of teleportation
 l - 2 scrolls of enchant weapon
 m - a scroll of magic mapping
 y - 4 scrolls of blinking
 B - 2 scrolls of enchant armour {unknown}
 C - a scroll of fog
Potions
 g - 3 potions of experience {unknown}
 q - 3 potions of resistance {unknown}
 r - a potion of cancellation
 x - 3 potions of might {unknown}
 z - a potion of heal wounds {unknown}
 A - 2 potions of mutation {unknown}
 D - a potion of brilliance {unknown}
 F - a potion of haste {unknown}


   Skills:
 * Level 4.4 Fighting
 - Level 3.2 Throwing
 - Level 2.1 Dodging
 - Level 0.7 Stealth
 * Level 3.4 Shields
 * Level 7.5 Spellcasting


You had 15 spell levels left.
You knew the following spells:

 Your Spells              Type           Power      Damage    Failure   Level
a - Sting                 Tmut/Pois      100%       1d8       1%          1
b - Searing Ray           Conj           56%        3d5       1%          2
c - Corpse Rot            Necr/Air       N/A        N/A       1%          2
d - Confusing Touch       Hex            28%        N/A       2%          3
Your spell library was empty.

Dungeon Overview and Level Annotations

Branches:
Dungeon (6/15)              Sewer (visited)
 Temple: D:4-7

Altars:
Dithmenos
Gozag

Shops:
D:2 [   D:4 (

Portals:
Abyss: D:6

Annotations:
D:6 2 transporters, Jabberih's ghost, novice MfGl; Sigmund


Innate Abilities, Weirdness & Mutations

You are immune to sickness and miasma.
You are immune to poison.
Your flesh is very heat resistant. (rF++)
You are vulnerable to cold. (rC-)
You float through the air rather than walking.
You learn spells naturally, not from books.
Your magical power is your life essence.
You have superior vitality. (+4 HP)


Message History

Jabberih's ghost turns its malevolent gaze towards you.
There is a transporter here.
An orc warrior comes into view. It is wielding a +0 short sword.
There is a transporter here.
Casting: Searing Ray (safe; 1% risk of failure)
Confirm with . or Enter, or press ? or * to list all spells.
Aiming: Searing Ray (safe; 1% risk of failure)
Press: ? - help, Shift-Dir - straight line, f - orc warrior
Aim: an orc warrior, wielding a +0 short sword and wearing a +0 chain mail (77% to hit)
The searing ray misses the orc warrior. (Press . to maintain the ray.)
The searing ray hits the orc warrior.
The orc warrior is moderately wounded.
The searing ray hits the orc warrior.
The orc warrior is moderately wounded.
The searing ray misses the orc warrior.
You finish channeling your searing ray.
You block the orc warrior's attack.
Casting: Searing Ray (safe; 1% risk of failure)
Confirm with . or Enter, or press ? or * to list all spells.
Aiming: Searing Ray (safe; 1% risk of failure)
Press: ? - help, Shift-Dir - straight line, f/p - orc warrior
Aim: an orc warrior, wielding a +0 short sword and wearing a +0 chain mail (moderately wounded, 77% to hit)
The searing ray hits the orc warrior.
The orc warrior is moderately wounded. (Press . to maintain the ray.)
The orc warrior closely misses you.
The searing ray hits the orc warrior.
The orc warrior is heavily wounded.
The orc warrior hits you with a +0 short sword!
The searing ray hits the orc warrior.
The orc warrior is severely wounded.
The orc warrior hits you with a +0 short sword.
The searing ray hits the orc warrior.
The orc warrior is almost dead.
You finish channeling your searing ray.
The orc warrior hits you with a +0 short sword!!
* * * LOW HITPOINT WARNING * * *
Unknown command.
The orc warrior hits you with a +0 short sword!
You die...

. . .##∩## ##.##
..##..#..x.
#..♣.#. ####
#.##.. ##..#
#.#Wx♣##...### #
#.####.......###..
#...©o.##.#......#
######@.....#
####.### #.# #.#
#.# #.# #.# #.#
#.#


You could see an orc warrior, a small abomination and Jabberih's ghost.

Vanquished Creatures
  A kobold demonologist (D:6)
  Eustachio (D:6)
  A water moccasin (D:5)
  2 black bears
  An ogre (D:4)
  3 bullfrogs
  A scorpion (D:5)
  2 wights (D:6)
  A centaur zombie (D:5)
  6 hounds
  2 jellies
  2 iguanas (D:4)
  3 gnolls (D:2)
  14 adders
  7 river rats (Sewer)
  An ufetubus (D:5)
  3 adder skeletons (D:4)
  2 worms
  2 dart slugs
  4 orcs (D:3)
  6 bats
  5 endoplasms
  5 giant cockroaches
  5 goblins
  8 hobgoblins
  2 jackals (D:3)
  4 quokkas
  24 ball pythons
  5 frilled lizards
  7 kobolds
  24 rats
154 creatures vanquished.

Vanquished Creatures (collateral kills)
  A howler monkey skeleton (D:5)
  An adder (D:5)
2 creatures vanquished.

Grand Total: 156 creatures vanquished

Notes
Turn   | Place    | Note
-------+----------+-------------------------------------------
     0 | D:1      | Banquo the Djinni Hunter began the quest for the Orb.
     0 | D:1      | Reached XP level 1. HP: 18/18 MP: 0/0
   275 | D:1      | Reached XP level 2. HP: 23/23 MP: 0/0
   444 | D:1      | Found a faded altar of an unknown god.
   546 | D:1      | Reached skill level 1 in Spellcasting
   799 | D:1      | Reached XP level 3. HP: 25/29 MP: 0/0
   799 | D:1      | Learned a level 1 spell: Sting
  1203 | D:1      | Found a faded altar of an unknown god.
  1669 | D:2      | Found Buuqoch's Armour Shoppe.
  2006 | D:2      | Reached skill level 1 in Shields
  2006 | D:2      | Reached XP level 4. HP: 32/34 MP: 0/0
  2758 | D:2      | Found Buuqoch's Armour Shoppe.
  3371 | D:3      | Reached skill level 2 in Spellcasting
  3505 | D:3      | Reached XP level 5. HP: 26/40 MP: 0/0
  3505 | D:3      | Learned a level 2 spell: Corpse Rot
  4081 | D:3      | Found a shadowy altar of Dithmenos.
  4774 | D:3      | Found an opulent altar of Gozag.
  5050 | D:3      | Found an opulent altar of Gozag.
  5221 | D:3      | Found a shadowy altar of Dithmenos.
  5890 | D:4      | Reached skill level 3 in Spellcasting
  5977 | D:4      | Reached XP level 6. HP: 44/46 MP: 0/0
  6032 | D:4      | Noticed an ogre
  6189 | D:4      | Noticed a black bear
  6213 | D:4      | Killed a black bear
  6294 | D:4      | Killed an ogre
  6295 | D:4      | Reached skill level 4 in Spellcasting
  6295 | D:4      | Reached XP level 7. HP: 5/50 MP: 0/0
  6295 | D:4      | Learned a level 2 spell: Searing Ray
  6746 | D:4      | Found Upaeck's Antique Weapon Boutique.
  7218 | D:4      | Found Upaeck's Antique Weapon Boutique.
  7687 | D:5      | Entered Level 5 of the Dungeon
  7697 | D:5      | Found a glowing drain.
  7809 | Sewer    | Entered a sewer
  8197 | Sewer    | Reached skill level 5 in Spellcasting
  8418 | Sewer    | Reached XP level 8. HP: 29/58 MP: 0/0
  9046 | D:5      | Reached skill level 6 in Spellcasting
  9912 | D:6      | Noticed a kobold demonologist
  9918 | D:6      | Noticed an orange demon
  9920 | D:6      | Killed a kobold demonologist
  9921 | D:6      | Reached skill level 7 in Spellcasting
  9921 | D:6      | Reached XP level 9. HP: 19/62 MP: 0/0
  9921 | D:6      | Learned a level 3 spell: Confusing Touch
 10030 | D:6      | Noticed Eustachio
 10050 | D:6      | Killed Eustachio
 10110 | D:6      | Noticed Sigmund
 10164 | D:6      | Found a transporter.
 10164 | D:6      | Found a transporter.
 10170 | D:6      | Found a one-way gate to the infinite horrors of the Abyss.
 10170 | D:6      | Noticed Jabberih's ghost (novice MfGl)
 10187 | D:6      | Slain by an orc warrior

Illustrated notes

Levels and vault maps discovered:
D:1:      doesnt_arrival_eight_statues, layout_loops_ring,
          chequers_ecumenical_altar_simple_redux
D:2:      layout_rooms, serial_shops, nicolae_shop_trees
D:3:      layout_basic, grunt_gozag_breadcrumbs,
          grunt_dithmenos_smoke_and_mirrors, st_stairs_14, minmay_snake_closets
D:4:      layout_loops_ring, serial_shops, shop
D:5:      layout_loops_corners, portal_sewer_entry_f
D:6:      layout_loops_ring, minmay_temple_entry_butterflies,
          gammafunk_ghost_abyssal_escape, serial_shops, nicolae_lakefront_shop,
          nicolae_ossuary_entry_plus, uniq_sigmund, uniq_eustachio, uniq_pikel

Skill      XL: |  1  2  3  4  5  6  7  8 |
---------------+-------------------------+-----
Spellcasting   | 1 2 3 4 5 7 |  7.5
Shields        | 1 2 3 |  3.4
Fighting       | 3 4 |  4.4
Throwing       | |  3.2
Dodging        | |  2.1
Stealth        | |  0.7

Action                   |  1- 3 |  4- 6 |  7- 9 || total
-------------------------+-------+-------+-------++-------
Melee: Short sword       |    28 |       |       ||    28
       Spear             |    27 |    11 |       ||    38
       Trident           |       |    16 |     9 ||    25
 Cast: Sting             |    28 |   133 |    58 ||   219
       Corpse Rot        |       |     1 |       ||     1
       Searing Ray       |       |       |    44 ||    44
  Use: Scroll            |       |     6 |     6 ||    12
 Stab: Sleeping          |       |       |     1 ||     1
Armor: Leather armour    |    38 |    21 |    11 ||    70
Dodge: Dodged            |    38 |    60 |    39 ||   137
Block: Buckler           |       |       |    13 ||    13
